Map: 뉴 리퍼그넌시 - 래더

Players

Bunny

  • Race: Terran Terran
  • Spawn Location: 7:00

llllllllllll (Trap) - Winner!

  • Race: Protoss Protoss
  • League: Master
  • Spawn Location: 1:00

VOD

Have the link to the VOD?

Description

Time

  • Played on: Aug. 8, 2019, 8:45 a.m.
  • Length: 9:48
Show
View Real Time Build Order
Export as new Build Order

Bunny Terran 

Build Orders: Gas First Reaper Expand 

Get SALT Encoding   

  12  0:00  SCV  
  13  0:13  SCV  
  14  0:17  Supply Depot  
  14  0:25  SCV  
  14  0:28  Refinery  
  15  0:39  SCV  
  16  0:44  Barracks  
  16  0:51  SCV  
  17  1:03  SCV  
  18  1:16  SCV  
  19  1:31  Orbital Command, Reaper  
  20  1:44  Command Center  
  20  1:58  Factory, SCV  
  21  2:05  Barracks Reactor  
  21  2:12  SCV, Supply Depot  
  22  2:18  Refinery  
  22  2:24  SCV  
  23  2:36  SCV  
  24  2:43  Marine x2  
  26  2:44  Factory Tech Lab  
  26  2:49  SCV  
  27  2:58  Orbital Command  
  26  3:01  SCV  
  26  3:02  Marine x2  
  26  3:03  Cyclone  
  32  3:10  Orbital Command, Starport  
  32  3:14  SCV  
  32  3:19  Marine  
  33  3:20  Marine  
  33  3:26  SCV  
  36  3:35  Widow Mine  
  36  3:36  SCV  
  36  3:38  SCV  
  36  3:40  Marine x2  
  41  3:47  Medivac  
  41  3:48  SCV  
  44  3:50  SCV, Supply Depot  
  45  3:59  Marine  
  46  4:08  Bunker  
  46  4:12  Barracks, SCV x2, Siege Tank, Marine  
  52  4:17  Supply Depot  
  52  4:18  Starport Tech Lab  
  52  4:25  Engineering Bay, SCV  
  52  4:26  SCV  
  54  4:39  Marine x2  
  54  4:40  Supply Depot  
  54  4:42  SCV x2  
  57  4:46  Siege Tank  
  57  4:49  Starport Reactor  
  60  4:53  Barracks  
  60  4:56  Terran Infantry Weapons Level 1  
  60  4:57  SCV  
  61  5:00  SCV  
  61  5:04  Refinery  
  62  5:09  Marine x2  
  61  5:18  Siege Tank  
  62  5:23  Marine  
  62  5:25  SCV x2  
  57  5:36  Marine x2  
  57  5:37  SCV x2  
  52  5:47  Viking  
  52  5:48  Marine x2  
  52  5:52  SCV  
  52  5:53  SCV  
  52  5:54  Marine x2  
  51  6:04  SCV  
  51  6:05  SCV  
  51  6:08  Marine x2  
  55  6:12  Marine x2  
  55  6:17  SCV x2  
  58  6:19  Siege Tank  
  58  6:25  Stimpack  
  61  6:26  Barracks Tech Lab  
  61  6:27  Supply Depot  
  61  6:29  SCV x2  
  63  6:33  Marine x3  
  66  6:45  Marine  
  64  6:51  Marine x3  
  65  6:55  SCV x2  
  65  6:57  Medivac x2  
  69  7:04  Marine  
  69  7:07  Command Center  
  70  7:09  Marine x3  
  70  7:10  Siege Tank  
  70  7:11  SCV x2  
  67  7:23  SCV x2  
  63  7:33  Marine x2  
  63  7:34  Marine x2  
  63  7:35  SCV  
  63  7:36  SCV  
  68  7:44  Siege Tank  
  71  7:48  SCV x2  
  73  7:51  Marine x4  
  73  7:55  Supply Depot  
  77  8:02  Supply Depot  
  77  8:06  Supply Depot  
  77  8:07  SCV  
  77  8:10  SCV, Marine  
  76  8:13  Marine  
  76  8:18  Marine x2  
  72  8:22  Siege Tank  
  69  8:28  Marine  
  69  8:33  Marine  
  64  8:36  SCV x2  
  64  8:40  Marine x2  
  65  8:48  SCV  
  65  8:51  Marine  
  65  8:52  Orbital Command  
  65  8:53  Medivac  
  65  8:55  Medivac  
  64  8:58  SCV  
  64  9:02  SCV  
  66  9:05  Marine x2  
  66  9:09  Marine  
  69  9:10  SCV  
  69  9:15  Siege Tank  
  73  9:18  SCV  
  73  9:19  SCV  
  73  9:23  Marine x2  
  75  9:27  Marine  
Show
View Real Time Build Order
Export as new Build Order

llllllllllll Protoss - Winner!

Build Orders: 1 Gate Expand, Blink Stalkers 

Get SALT Encoding   

  12  0:00  Probe  
  13  0:12  Probe  
  14  0:17  Pylon  
  14  0:24  Probe  
  15  0:32  Probe  
  15  0:36  Gateway  
  15  0:40  Probe  
  16  0:45  Assimilator  
  17  0:51  Probe  
  18  1:03  Probe  
  19  1:15  Probe  
  20  1:22  Cybernetics Core  
  20  1:35  Nexus  
  20  1:40  Pylon  
  20  1:42  Probe  
  21  1:48  Assimilator  
  21  1:49  Adept  
  21  1:54  Probe  
  24  2:02  Warp Gate  
  24  2:06  Probe  
  25  2:09  Adept  
  25  2:18  Probe  
  28  2:27  Twilight Council  
  28  2:30  Probe  
  29  2:38  Stalker  
  29  2:43  Probe x2  
  31  2:45  Blink  
  32  2:51  Probe  
  32  2:55  Probe  
  34  3:01  Probe  
  35  3:07  Probe  
  36  3:13  Probe  
  36  3:19  Probe  
  38  3:20  Robotics Facility  
  38  3:25  Probe  
  39  3:33  Probe  
  40  3:38  Probe  
  41  3:45  Probe, Gateway x2  
  42  3:50  Probe  
  42  3:51  Stalker  
  42  3:54  Pylon  
  45  3:57  Pylon  
  45  3:59  Probe  
  45  4:01  Warp Prism  
  46  4:12  Probe  
  46  4:13  Probe  
  46  4:16  Assimilator  
  50  4:17  Stalker  
  50  4:24  Probe  
  53  4:26  Pylon  
  53  4:27  Probe  
  54  4:36  Probe  
  54  4:38  Observer  
  56  4:40  Probe  
  56  4:44  Stalker x2  
  56  4:45  Stalker  
  64  4:53  Pylon  
  64  4:59  Nexus, Observer  
  64  5:04  Probe x2  
  59  5:15  Stalker x3  
  59  5:23  Probe x2  
  55  5:39  Pylon  
  55  5:41  Probe x2  
  57  5:43  Pylon  
  56  5:53  Probe  
  56  5:54  Probe  
  56  6:02  Stalker x3, Probe  
  62  6:09  Charge, Probe  
  63  6:13  Probe  
  63  6:17  Probe  
  65  6:20  Pylon  
  66  6:27  Stalker, Zealot  
  70  6:35  Probe x2  
  70  6:38  Probe  
  72  6:47  Gateway  
  72  6:50  Gateway x2  
  70  6:56  Probe x3  
  63  7:01  Stalker x3  
  63  7:08  Probe x3  
  72  7:20  Gateway x2  
  72  7:22  Gateway  
  68  7:23  Probe x3  
  71  7:36  Stalker x3  
  76  7:37  Observer  
  76  7:39  Probe x3  
  76  7:42  Pylon  
  76  7:43  Pylon  
  79  7:50  Zealot x3  
  86  7:55  Pylon  
  86  7:56  Observer  
  86  7:57  Pylon  
  86  7:59  Forge  
  87  8:06  Forge, Warp Prism  
  87  8:13  Stalker x4  
  83  8:23  Zealot x9  
  97  8:33  Probe x3  
  91  8:44  Stalker x4  
  98  8:54  Zealot x5  
  105  9:15  Zealot x5  
  105  9:16  Zealot x4  
  115  9:35  Stalker  
  115  9:36  Stalker x4  
  115  9:37  Stalker  
  120  9:42  Stalker  
  120  9:43  Zealot x2  
Tags
 
Add a new tag
Caveats
  • Supply blocks, unpowered buildings, or Contaminate may cause inaccurate times.
  • Supply counts are checked every 10 seconds.